 Dungeon Crawl Stone Soup version 0.17.1-2-g5865329 (webtiles) character file.

23 ololoev the Firebug (level 2, -2/15 HPs)
             Began as a Deep Elf Fire Elementalist on Jan 21, 2016.
             Slain by Edmund
             ... wielding a +2 flail of holy wrath
              (7 damage)
             ... on level 4 of the Dungeon.
             The game lasted 00:02:49 (221 turns).

ololoev the Firebug (Deep Elf Fire Elementalist)     Turns: 221, Time: 00:02:49

Health: -2/15      AC:  2    Str:  5    XL:     2   Next: 72%
Magic:  0/8        EV: 13    Int: 19    God:
Gold:   66         SH:  0    Dex: 15    Spells: 1 memorised, 7 levels left

rFire  . . .     SeeInvis .     d - +0 whip
rCold  . . .     Clarity  .     a - +0 robe
rNeg   . . .     SustAt   .     (no shield)
rPois  .         Gourm    .     (no helmet)
rElec  .         Spirit   .     (no cloak)
rCorr  .         Warding  .     (no gloves)
rMut   .         Stasis   .     (no boots)
MR     .....                    (no amulet)
Stlth  ++........               (no ring)
                                (no ring)

@: very slightly contaminated, not resistant to hostile enchantments, unstealthy
A: no striking features
a: no special abilities

Inventory:

Hand Weapons
 d - a +0 whip (weapon)
Armour
 a - a +0 robe (worn)
Scrolls
 e - a scroll of teleportation {unknown}
 f - 2 scrolls of remove curse {unknown}
Potions
 g - 2 potions of flight {unknown}
Books
 b - a book of Flames

   Spells                             Type                      Level
   a - Flame Tongue                   Conjuration/Fire             1
   b - Throw Flame                    Conjuration/Fire             2
   c - Conjure Flame                  Conjuration/Fire             3
   d - Inner Flame                    Hexes/Fire                   3
   e - Sticky Flame                   Conjuration/Fire             4
   f - Fireball                       Conjuration/Fire             5
Comestibles
 c - a bread ration


   Skills:
 - Level 2.4 Dodging
 - Level 2.4 Stealth
 + Level 3.5 Spellcasting
 * Level 2.1 Conjurations
 + Level 3.6 Fire Magic


You had 7 spell levels left.
You knew the following spells:

 Your Spells              Type           Power        Failure   Level  Hunger
a - Flame Tongue          Conj/Fire      ##...        6%          1    None


You were on level 4 of the Dungeon.
You were not hungry.

You visited 1 branch of the dungeon, and saw 4 of its levels.

You collected 66 gold pieces.

..# .. ... #.# .. #..
.. #####.#### .##
......... ..####
#....####.....# .
###@<.....##...
....####.@............
......†..############.
....###### .

Notes
Turn   | Place    | Note
--------------------------------------------------------------
     0 | D:1      | ololoev the Deep Elf Fire Elementalist began the quest for the Orb.
     0 | D:1      | Reached XP level 1. HP: 10/10 MP: 6/6
     1 | D:1      | Found a runed door.
     9 | D:2      | Found a basalt altar of Yredelemnul.
    80 | D:4      | Noticed Eustachio
    80 | D:4      | Noticed an orc wizard
    81 | D:4      | Noticed an orc wizard
    83 | D:4      | Noticed an orc wizard
    85 | D:4      | Noticed a quasit
    87 | D:4      | Noticed a crimson imp
    87 | D:4      | Noticed an iron imp
   131 | D:3      | Found a snail-covered altar of Cheibriados.
   204 | D:4      | Noticed Edmund
   212 | D:4      | Reached XP level 2. HP: 15/15 MP: 4/8
   221 | D:4      | Slain by Edmund

Dungeon Overview and Level Annotations

Branches:
Dungeon (4/15)
 Temple: D:4-7

Altars:
Cheibriados
Yredelemnul

Annotations:
D:1 1 runed door
D:4 Edmund, Eustachio


Message History

Edmund says, "I might not be good at magic, but I can still kill you!"
The adder closely misses you.
Casting: Flame Tongue
Confirm with . or Enter, or press ? or * to list all spells.
Aiming: Flame Tongue
Press: ? - help, Shift-Dir - straight line, f/p - adder
Aim: an adder (severely wounded)
The flame tongue hits the adder.
You kill the adder!
Your Conjurations skill increases to level 2!
Edmund says, "People will remember me!
They'll remember me and die!"
Casting: Flame Tongue
Confirm with . or Enter, or press ? or * to list all spells.
Aiming: Flame Tongue
Press: ? - help, Shift-Dir - straight line, f - Edmund
Aim: Edmund, wielding a flail of holy wrath and wearing a scale mail (fast)
You miscast Flame Tongue.
You are very lightly contaminated with residual magic.
Nothing appears to happen.
Edmund closely misses you. Edmund misses you.
Casting: Flame Tongue
Confirm with . or Enter, or press ? or * to list all spells.
Aiming: Flame Tongue
Press: ? - help, Shift-Dir - straight line, f/p - Edmund
Aim: Edmund, wielding a flail of holy wrath and wearing a scale mail (fast)
The flame tongue hits Edmund.
Edmund appears unharmed.
Edmund misses you. Edmund completely misses you.
Casting: Flame Tongue
Confirm with . or Enter, or press ? or * to list all spells.
Aiming: Flame Tongue
Press: ? - help, Shift-Dir - straight line, f/p - Edmund
Aim: Edmund, wielding a flail of holy wrath and wearing a scale mail (fast)
The flame tongue hits Edmund.
Edmund is lightly wounded.
Edmund barely misses you.
You hit Edmund but do no damage.
Edmund is lightly wounded.
Edmund hits you with a flail of holy wrath!
Ouch! That really hurt!
Edmund hits you with a flail of holy wrath!
You die...

You could see Edmund.

Vanquished Creatures
  2 adders (D:4)
  2 hobgoblins (D:3)
  A goblin (D:3)
  2 rats
7 creatures vanquished.

Action                   || total
-------------------------++-------
Melee: Whip              ||     5
 Cast: Flame Tongue      ||    10
 Stab: Sleeping          ||     1

Vault maps used:
D:1:      dpeg_arrival_caged_fury, minmay_misc_feat_alley
D:2:      minitemple, lemuel_crystal_altar, tso_metal_star, grunt_ministairs_3,
          yredelemnul_altar_generic
D:3:      cheibriados_altar_1, first_bread, portal_sewer_entry_b
D:4:      nicolae_overflow_hidden_temple, minmay_temple_entry_overgrown,
          kennysheep_crisscross, lemuel_flame_loot_1, uniq_eustachio,
          uniq_edmund, uniq_sigmund
